[Event "Early-Titled-Tuesday-Blitz-March-05-2024"]
[Site "Chess.com"]
[Date "2024.03.05"]
[Round "6"]
[White "HajiyevKanan"]
[Black "AccioChess"]
[Result "1-0"]
[WhiteElo "2524"]
[BlackElo "2346"]
[TimeControl "180+1"]
[EndTime "9:08:31 PST"]
[Termination "HajiyevKanan won on time"]

1. d4 Nf6 2. Nf3 g6 3. g3 Bg7 4. Bg2 O-O 5. O-O d6 6. b3 Nc6 7. Bb2 Bg4 8. d5 Nb8 9. c4 Nbd7 10. h3 Bxf3 11. exf3 e6 12. dxe6 fxe6 13. f4 Rb8 14. Re1 e5 15. fxe5 dxe5 16. Nc3 c6 17. Ne4 Nxe4 18. Rxe4 Nc5 19. Re2 Qc7 20. Qc2 Ne6 21. Rae1 Nd4 22. Bxd4 exd4 23. Re7 Qd6 24. c5 Qf6 25. R1e6 d3 26. Qxd3 Qxf2+ 27. Kh2 Rbd8 28. Rd6 Rde8 29. Qc4+ Kh8 30. Rdd7 Rxe7 31. Rxe7 h5 32. h4 Rf3 33. Re8+ Kh7 34. Qe2 Qxg3+ 35. Kg1 Qxh4 36. Qxf3 Qe1+ 37. Rxe1 1-0

[Event "Early-Titled-Tuesday-Blitz-March-05-2024"]
[Site "Chess.com"]
[Date "2024.03.05"]
[Round "6"]
[White "Talcrifice"]
[Black "Elsa167"]
[Result "0-1"]
[WhiteElo "2581"]
[BlackElo "2914"]
[TimeControl "180+1"]
[EndTime "9:08:32 PST"]
[Termination "Elsa167 won by resignation"]

1. d4 d6 2. Nf3 Nf6 3. c4 g6 4.
Nc3 Bg7 5. e4 Bg4 6. Be2 Bxf3 7.
Bxf3 e5 8. d5 h5 9. h3 Nbd7 10.
Be3 Bh6 11. Bxh6 Rxh6 12. Qd2 Rh8 13. h4 a5 14. O-O Kf8 15. b3 Kg7 16. a3 Qe7 17. Rab1 c6 18. dxc6 bxc6 19. Rfd1 Ne8 20. g3 Nc5 21. Bg2 Ne6 22. Ne2 c5 23. Nc3 Nd4 24. Nd5 Qd8 25. b4 axb4 26. axb4 cxb4 27.
Rxb4 Nf6 28. Ne3 Qc7 29. Rf1 Rab8 30. Rxb8 Rxb8 31. f4 Qb6 32. fxe5 dxe5 33. Kh1 Qb2 34. Qxb2 Rxb2 35. Nd5 Ng4 36. Bf3 Nh2 0-1

[Event "Early-Titled-Tuesday-Blitz-March-05-2024"]
[Site "Chess.com"]
[Date "2024.03.05"]
[Round "6"]
[White "Baku_Boulevard"]
[Black "wannabe2700"]
[Result "0-1"]
[WhiteElo "3054"]
[BlackElo "2780"]
[TimeControl "180+1"]
[EndTime "9:08:33 PST"]
[Termination "wannabe2700 won by resignation"]

1. e4 c5 2. Nf3 e6 3. c3 Nf6 4. e5 Nd5 5. a3 b6 6. d4 cxd4 7. c4 Ne7 8. Nxd4 Ng6 9. Qf3 Nc6 10.
Nxc6 dxc6 11. Qxc6+ Bd7 12. Qe4 Rc8 13. Nc3 Bc5 14. h4 Bc6 15. Qe2 Qd4 16. h5 Nf4 17. Bxf4 Qxf4 18. Rh3 Bd4 19. Rd1 Qxe5 20. Qxe5 Bxe5 21.
h6 g6 22. Rhd3 Ke7 23. g3 g5 24. Be2 Rhd8 25. Re3 Rxd1+ 26. Nxd1 Bd4 27. Rd3 e5 28.
Ne3 Bxb2 29. Bg4 Rb8 30. Nf5+ Kf8 31. Rd6 Ba4 32. Rf6 Bxa3 33. Bh5 Be8 34. Ne3 Be7 35. Rf5 f6 36. Bxe8 Kxe8 37. Nd5 Kf7 38. Rf3 Rc8 39. Rc3 Rc5 40. Ke2 b5 41. Ra3 Rxd5 42. Rxa7 bxc4 0-1

[Event "Early-Titled-Tuesday-Blitz-March-05-2024"]
[Site "Chess.com"]
[Date "2024.03.05"]
[Round "6"]
[White "SnekkerAndersen"]
[Black "ContrVersia"]
[Result "1-0"]
[WhiteElo "2655"]
[BlackElo "2861"]
[TimeControl "180+1"]
[EndTime "9:08:33 PST"]
[Termination "SnekkerAndersen won on time"]

1. d4 Nf6 2. c4 g6 3. Nf3 Bg7 4. Nc3 O-O 5. e4 d6 6. Be2 e5 7. Be3 Na6 8. O-O Qe7 9. dxe5 dxe5 10. Nd5 Qd8 11. Qc2 c6 12. Nxf6+ Qxf6 13. Rad1 h6 14.
c5 Nc7 15. Nd2 Be6 16. Nc4 Nb5 17. Nd6 Nd4 18. Bxd4 exd4 19. Bc4 b6 20. b4 bxc5 21. bxc5 g5 22. Qa4 Bxc4 23. Qxc4 Qe5 24. Rfe1 Rad8 25. Nf5 Rd7 26. h3 Rb8 27. Re2 Qe6 28. Qd3 Rb5 29. h4 Rxc5 30. hxg5 hxg5 31. Qf3 Be5 32. Rb2 d3 33.
Rbd2 Qc4 34. g3 Rb5 35. Rxd3 Rxd3 36. Rxd3 Rb1+ 37. Kg2 Rb8 38. Rd7 Qxa2 39. Nh6+ Kg7 40.
Nxf7 1-0

[Event "Early-Titled-Tuesday-Blitz-March-05-2024"]
[Site "Chess.com"]
[Date "2024.03.05"]
[Round "6"]
[White "Kislov_Oleg"]
[Black "DvaHrasta"]
[Result "0-1"]
[WhiteElo "2569"]
[BlackElo "2463"]
[TimeControl "180+1"]
[EndTime "9:08:33 PST"]
[Termination "DvaHrasta won by resignation"]

1. e4 c6 2. d4 d5 3. Nc3 dxe4 4. Nxe4 Nf6 5. Nxf6+ exf6 6. c3 Bd6 7. Bd3 O-O 8. Qc2 h6 9. Ne2 Qc7 10. h3 c5 11. O-O c4 12. Be4 Nc6 13. Bd2 b5 14. a4 Ba6 15. axb5 Bxb5 16. Bf3 Rab8 17. Rfe1 a5 18. Qf5 Ne7 19. Qh5 f5 20. Ng3 Bd7 21. Bc1 Rfe8 22. Bd1 Ng6 23. Rxe8+ Rxe8 24. Ne2 a4 25. g3 f4 26. Qf3 Bc6 27. Qg4 f3 28.
d5 Bxd5 29. Nf4 Re1+ 30. Kh2 Rxd1 31. Nxd5 Rxd5 32. Rxa4 Qc6 33. Be3 Qxa4 0-1

[Event "Early-Titled-Tuesday-Blitz-March-05-2024"]
[Site "Chess.com"]
[Date "2024.03.05"]
[Round "6"]
[White "Ajedrez_con_German"]
[Black "Bkmzzzzz"]
[Result "1-0"]
[WhiteElo "2584"]
[BlackElo "2425"]
[TimeControl "180+1"]
[EndTime "9:08:33 PST"]
[Termination "Ajedrez_con_German won by resignation"]

1. Nf3 d6 2. e3 e5 3. d4 Nd7 4.
c4 g6 5. Nc3 Bg7 6. Be2 f5 7.
O-O Ngf6 8. b4 O-O 9. b5 c6 10. a4 a6 11. Ba3 e4 12. Nd2 Qe7 13. bxc6 bxc6 14. Rb1 Ne8 15. a5 c5 16. Nd5 Qf7 17.
Nb3 cxd4 18. Nxd4 Nc5 19. Nb3 Nxb3 20. Qxb3 Be6 21. Rfd1 Rd8 22. Qb6 Ra8 23. Bxd6 Nxd6 24. Qxd6 Rfd8 25. Qc5 Qa7 26. Qxa7 Rxa7 27. Ne7+ Rxe7 28.
Rxd8+ Kf7 29. Rdb8 Bc3 30. R1b7 Bxa5 31. Rxe7+ Kxe7 32. c5 Bc7 33. Rb7 Kd7 34. Bxa6 Kc6 35. Ra7 h5 36. Bb5+ Kxc5 37. Rxc7+ Kxb5 38. Re7 Bd5 39. Rg7 1-0

[Event "Early-Titled-Tuesday-Blitz-March-05-2024"]
[Site "Chess.com"]
[Date "2024.03.05"]
[Round "6"]
[White "Aleksandar-Topalov"]
[Black "AA95"]
[Result "1-0"]
[WhiteElo "2351"]
[BlackElo "2492"]
[TimeControl "180+1"]
[EndTime "9:08:33 PST"]
[Termination "Aleksandar-Topalov won on time"]

1. b3 Nf6 2. Bb2 g6 3. Bxf6 exf6 4. c4 Bg7 5. Nc3 O-O 6. e3 f5 7.
Nge2 b5 8. cxb5 a6 9. d4 axb5 10. Nxb5 c5 11. a4 Nc6 12. Rc1 cxd4 13. Nexd4 Nxd4 14. Nxd4 Re8 15. Be2 f4 16. O-O fxe3 17. fxe3 Rxe3 18.
Bf3 Ba6 19. Nb5 Bxb5 20. axb5 Qb6 21. Kh1 Rf8 22. Qxd7 Rxb3 23. Bd5 Qxb5 24. Rxf7 Kh8 25. Bxb3 Qb4 26. Rxf8+ Bxf8 27. Qd5 Kg7 28. h3 Kh6 29. Rd1 Be7 30. Qd2+ Qxd2 31. Rxd2 Kg5 32. Re2 Bd6 33. Re6 Bg3 34. Bc2 1-0

[Event "Early-Titled-Tuesday-Blitz-March-05-2024"]
[Site "Chess.com"]
[Date "2024.03.05"]
[Round "6"]
[White "abelmat"]
[Black "Willi_Skibbe"]
[Result "1-0"]
[WhiteElo "2060"]
[BlackElo "2299"]
[TimeControl "180+1"]
[EndTime "9:08:35 PST"]
[Termination "abelmat won on time"]

1. d4 d5 2. c4 c6 3. Nf3 Nf6 4. Nc3 a6 5. cxd5 cxd5 6. a3 Nc6 7. Bf4 Bg4 8. e3 e6 9. Qb3 Bxf3 10. gxf3 Na5 11.
Qd1 b5 12. Bd3 Bd6 13. Bg5 Be7 14. O-O O-O 15. Kh1 Nc4 16. Rb1 Rc8 17. Ne2 Nh5 18.
Bf4 Nxf4 19. Nxf4 Bd6 20. Ng2 Qg5 21. f4 Qe7 22. Rg1 f5 23. Ne1 Kh8 24. Nf3 Rg8 25. Bxc4 dxc4 26. Qf1 Qb7 27. Qg2 c3 28. bxc3 Rxc3 29.
a4 1-0

[Event "Early-Titled-Tuesday-Blitz-March-05-2024"]
[Site "Chess.com"]
[Date "2024.03.05"]
[Round "6"]
[White "KhalilMousavi98"]
[Black "ACollins05"]
[Result "1-0"]
[WhiteElo "2824"]
[BlackElo "2617"]
[TimeControl "180+1"]
[EndTime "9:08:36 PST"]
[Termination "KhalilMousavi98 won by resignation"]

1. Nf3 d5 2. g3 Nd7 3. d4 Nb6 4. Bg2 Nf6 5. O-O Bf5 6. Nbd2 e6 7.
b3 c5 8. Bb2 Rc8 9. c4 Be7 10.
dxc5 Bxc5 11. cxd5 Nbxd5 12. Nc4 O-O 13. Rc1 b5 14.
Nce5 a6 15. Nd4 Bxd4 16. Qxd4 Qb6 17. Qxb6 Nxb6 18. Nc6 Kh8 19. Ne7 Rxc1 20. Rxc1 Be4 21. Bxe4 Nxe4 22. Rc6 Rb8 23. Bd4 Nd7 24. Rxa6 h6 25.
Ra7 Ndf6 26. Nc6 Rc8 27. Ne5 Rc2 28. Nxf7+ Kg8 29. Nd8 Rxe2 30. Nxe6 g5 31. Rg7+ Kh8 32. Rg6 Kh7 33. Nf8+ Kh8 34. Bxf6+ Nxf6 35. Rxf6 Kg7 36. Rf5 Rxa2 37. Ne6+ Kg6 38. Rxb5 1-0

[Event "Early-Titled-Tuesday-Blitz-March-05-2024"]
[Site "Chess.com"]
[Date "2024.03.05"]
[Round "6"]
[White "crazy_m_attack"]
[Black "GelmanAlexander"]
[Result "0-1"]
[WhiteElo "2491"]
[BlackElo "2675"]
[TimeControl "180+1"]
[EndTime "9:08:36 PST"]
[Termination "GelmanAlexander won by resignation"]

1. e4 c5 2. Nf3 e6 3. d4 cxd4 4. Nxd4 a6 5. Bd3 d6 6. Nc3 Nf6 7. Qe2 b5 8. O-O Bb7 9. Nb3 Nbd7 10. f4 Qc7 11. a3 Be7 12. Be3 h5 13. h3 h4 14. Kh2 Nh5 15. Qf2 Ng3 16. Rfe1 Nf6 17. Bb6 Qd7 18. Bd4 Rc8 19. Rad1 Nfh5 20. f5 e5 21. Be3 Qc7 22. Bb6 Qb8 23. a4 b4 24.
Na2 d5 25. exd5 e4 26. Ba7 Qd6 27. Kg1 exd3 28. Rxd3 O-O 29. Rde3 Bg5 30. Rd3 Nf4 31. Rdd1 Rfe8 32. Bc5 Rxe1+ 33. Qxe1 Rxc5 0-1

[Event "Early-Titled-Tuesday-Blitz-March-05-2024"]
[Site "Chess.com"]
[Date "2024.03.05"]
[Round "6"]
[White "Meri-Arabidze"]
[Black "Eloist"]
[Result "1-0"]
[WhiteElo "2697"]
[BlackElo "2441"]
[TimeControl "180+1"]
[EndTime "9:08:36 PST"]
[Termination "Meri-Arabidze won on time"]

1. Nf3 Nf6 2. b3 g6 3. Bb2 Bg7 4. g3 O-O 5. Bg2 b6 6. O-O Bb7 7. c4 c5 8. d3 Nc6 9. Nc3 e6 10. e4 d6 11. Re1 Nd7 12. Qd2 Nde5 13. Ne2 Nxf3+ 14. Bxf3 Bxb2 15. Qxb2 Ne5 16. Bg2 Nxd3 17. Qd2 Nxe1 18. Rxe1 Qe7 19. h4 f5 20. Nf4 e5 21.
exf5 Bxg2 22. Kxg2 gxf5 23. Nd5 Qg7 24. h5 f4 25. Qd3 Rae8 26. Qe4 Qg5 27. Rh1 Qf5 28.
Qxf5 Rxf5 29. g4 Rf7 30. g5 Re6 31. Kf3 e4+ 32. Kg4 e3 33. f3 e2 34. Re1 Kg7 35. Nxf4 Re5 36. Nd5 Rff5 37. f4 Rxd5 38. cxd5 Rxd5 39.
Rxe2 Kf7 40. Rh2 Rd4 41. Kf5 Rd5+ 42. Kg4 Rd4 43. h6 b5 44. Rf2 1-0

[Event "Early-Titled-Tuesday-Blitz-March-05-2024"]
[Site "Chess.com"]
[Date "2024.03.05"]
[Round "6"]
[White "MyDream003"]
[Black "mishanick"]
[Result "0-1"]
[WhiteElo "2767"]
[BlackElo "3075"]
[TimeControl "180+1"]
[EndTime "9:08:37 PST"]
[Termination "mishanick won by checkmate"]

1. e4 c5 2. c3 d5 3. exd5 Qxd5 4. d4 Nc6 5. Nf3 Bf5 6. Be3 Nf6 7. h3 e6 8. Nbd2 cxd4 9. Nxd4 Be7 10. Qb3 Nxd4 11. Bxd4 O-O 12. Qxd5 Nxd5 13. Bc4 Rfd8 14. O-O Nf4 15.
Rfd1 Nd3 16. Bxd3 Bxd3 17. Nb3 Be4 18. Bc5 Bf6 19. Bd4 Bg5 20. Be3 Bxe3 21. fxe3 Kf8 22. Nc5 Bc6 23. Kf2 Ke7 24. g3 b6 25. Nb3 e5 26. h4 f5 27. Ke1 Bf3 28. Rd2 h6 29.
Kf2 Bg4 30. Ke1 g5 31. Rxd8 Rxd8 32. Kf2 a5 33. a4 Bd1 34. Ra3 Bc2 35. Nc1 Rd2+ 36.
Kf3 g4# 0-1

[Event "Early-Titled-Tuesday-Blitz-March-05-2024"]
[Site "Chess.com"]
[Date "2024.03.05"]
[Round "6"]
[White "JG-17"]
[Black "Kildepiotr"]
[Result "0-1"]
[WhiteElo "2498"]
[BlackElo "2683"]
[TimeControl "180+1"]
[EndTime "9:08:37 PST"]
[Termination "Kildepiotr won on time"]

1. d4 c5 2. dxc5 e6 3. Be3 Na6 4. Nf3 Nxc5 5. Nc3 d5 6. Bd4 Nf6 7. e3 a6 8. a4 Bd6 9. Be5 O-O 10.
Be2 Bxe5 11. Nxe5 Qc7 12. Qd4 Rd8 13. O-O Nfe4 14. Nxe4 Nxe4 15. f3 Nd6 16. Qc3 Qxc3 17. bxc3 f6 18. Nd3 Bd7 19. Nc5 Rac8 20. Nxd7 Rxd7 21.
Ra3 Rdc7 22. Rb1 Rxc3 23. Rxc3 Rxc3 24. Bd3 Kf7 25. Kf2 h6 26. Ra1 Ke7 27. Ke2 Kd7 28.
Kd2 Rc5 29. a5 Kc7 30. h4 e5 31. e4 d4 32. g4 Nc4+ 33. Bxc4 Rxc4 34. g5 hxg5 35. hxg5 Rc3 36. gxf6 gxf6 37. Rf1 Ra3 38. f4 Rxa5 39. f5 Rc5 40. Rg1 Rc6 41. Rg7+ Kb6 42. Re7 a5 43. Re8 Kb5 44. Kc1 d3 45. Kb2 dxc2 46. Kc1 Kc4 47. Rd8 Kb3 48. Rd3+ Kb4 49. Rd7 b5 50. Rd3 a4 51. Re3 a3 52.
Re1 Ka4 53. Re3 b4 0-1

[Event "Early-Titled-Tuesday-Blitz-March-05-2024"]
[Site "Chess.com"]
[Date "2024.03.05"]
[Round "6"]
[White "FlemingA"]
[Black "SahibSinghKnight"]
[Result "0-1"]
[WhiteElo "2446"]
[BlackElo "2580"]
[TimeControl "180+1"]
[EndTime "9:08:40 PST"]
[Termination "SahibSinghKnight won on time"]

1. Nc3 d5 2. Nf3 d4 3. Ne4 e5 4.
e3 dxe3 5. dxe3 Qxd1+ 6. Kxd1 f6 7. Bc4 Nc6 8. Ke2 Bf5 9. Nfd2 O-O-O 10. f3 h5 11. a3 h4 12. b4 g5 13. Bb2 Bg7 14.
Rac1 g4 15. Nc5 h3 16. gxh3 Rxh3 17. Rcg1 Bh6 18. Rg3 Rxg3 19. hxg3 gxf3+ 20. Nxf3 Nce7 21. Bc3 b6 22. Be6+ Bxe6 23. Nxe6 Rd6 0-1

[Event "Early-Titled-Tuesday-Blitz-March-05-2024"]
[Site "Chess.com"]
[Date "2024.03.05"]
[Round "6"]
[White "ilqar_74"]
[Black "FoxOnTheRun97"]
[Result "1-0"]
[WhiteElo "2841"]
[BlackElo "2637"]
[TimeControl "180+1"]
[EndTime "9:08:41 PST"]
[Termination "ilqar_74 won on time"]

1. e4 c6 2. Nf3 d5 3. Nc3 Bg4 4. h3 Bxf3 5. Qxf3 e6 6. d4 Nf6 7.
Bd3 dxe4 8. Nxe4 Nxe4 9. Qxe4 Qd5 10. c3 Nd7 11. O-O Nf6 12. Qe2 Be7 13. Be3 O-O 14. c4 Qd7 15. Rad1 a6 16. Bb1 b5 17. b3 Rfd8 18.
Bg5 h6 19. Bh4 bxc4 20. bxc4 Rab8 21. Qd3 Kf8 22. Qf3 Rb2 23. Rfe1 Rdb8 24. Bg3 Bd6 25.
Be5 Ne8 26. Qe4 Bxe5 27. dxe5 Rd2 28. Bc2 Rb2 29. Ba4 Rxa2 30. Qxc6 Qxc6 31. Bxc6 Nc7 32. Rxd2 Rxd2 33. Rb1 Rd8 34. Rb7 Ne8 35. Ra7 Rc8 36.
Rxa6 Nc7 37. Ra7 Ne8 38. Bb5 g5 39. g4 1-0

[Event "Early-Titled-Tuesday-Blitz-March-05-2024"]
[Site "Chess.com"]
[Date "2024.03.05"]
[Round "6"]
[White "maximnovik"]
[Black "viniciusrego"]
[Result "0-1"]
[WhiteElo "2595"]
[BlackElo "2400"]
[TimeControl "180+1"]
[EndTime "9:08:41 PST"]
[Termination "viniciusrego won by resignation"]

1. e4 c5 2. Nf3 g6 3. d4 cxd4 4. Qxd4 Nf6 5. Nc3 Nc6 6. Qa4 d6 7. e5 dxe5 8. Nxe5 Bd7 9. Nxd7 Nxd7 10. Bb5 Bg7 11. Bxc6 bxc6 12. Qxc6 O-O 13. O-O Rc8 14. Qf3 Bxc3 15. bxc3 Ne5 16. Qe4 f6 17. Bh6 Re8 18.
Rfd1 Qa5 19. Qb4 Qxb4 20. cxb4 Rxc2 21. Be3 Rb8 22. a3 a5 23. Bc5 Kf7 24. Rac1 Ra2 25.
bxa5 Ra8 26. Bb4 g5 27. Rc7 h5 28. Rxe7+ Kg6 29. h3 Nc4 30. Rdd7 h4 31. Re6 Kf5 32. Rc6 Ne5 33. Rc5 Ra1+ 34. Kh2 Rf1 35. f3 Rf2 36. Bc3 Rc2 37. Bd4 Rxc5 38. Bxc5 Nxd7 39. Bd4 Rxa5 40.
Bb2 Nc5 0-1

[Event "Early-Titled-Tuesday-Blitz-March-05-2024"]
[Site "Chess.com"]
[Date "2024.03.05"]
[Round "6"]
[White "iamanoush"]
[Black "Felix-Rose"]
[Result "1-0"]
[WhiteElo "2536"]
[BlackElo "2291"]
[TimeControl "180+1"]
[EndTime "9:08:42 PST"]
[Termination "iamanoush won on time"]

1. d4 d5 2. c4 e6 3. Nc3 Nf6 4. Nf3 Be7 5. Bf4 O-O 6. e3 b6 7. cxd5 Nxd5 8. Nxd5 Qxd5 9. Bxc7 Bb4+ 10. Nd2 Nc6 11.
Be2 Bxd2+ 12. Qxd2 Qxg2 13. O-O-O Bb7 14. Rhg1 Qxf2 15. Rdf1 Qh4 16. Bf4 Rac8 17. Kb1 e5 18. Rg4 Qh3 19. Rg3 Qf5+ 20. Bd3 Qh5 21. Qg2 g6 22. Bg5 Nb4 23. Qxb7 Nxd3 24. Qg2 1-0

[Event "Early-Titled-Tuesday-Blitz-March-05-2024"]
[Site "Chess.com"]
[Date "2024.03.05"]
[Round "6"]
[White "pr1105"]
[Black "Actuary44"]
[Result "0-1"]
[WhiteElo "2358"]
[BlackElo "2546"]
[TimeControl "180+1"]
[EndTime "9:08:43 PST"]
[Termination "Actuary44 won by resignation"]

1. e4 b6 2. d4 Bb7 3. Nc3 e6 4. Bd3 Nf6 5. Qe2 d5 6. e5 Nfd7 7. Nd1 c5 8. c3 Nc6 9. Nf3 Qc7 10. a3 h6 11. h4 O-O-O 12. b4 c4 13. Bc2 Re8 14.
Bf4 f6 15. Bg6 Rd8 16. g3 fxe5 17. dxe5 d4 18. Qxc4 Ne7 19. Qxe6 Bxf3 20. O-O Qc6 21. Qxc6+ Bxc6 22. Bd3 Nd5 23. cxd4 Nxf4 24. gxf4 Be7 25. Rc1 Kb7 26. Nc3 Bf3 27. d5 Bxh4 28. Rfe1 Rhf8 29.
Re3 Rxf4 30. e6 Nf6 31. e7 Re8 32. d6 Rg4+ 33. Kh2 Bg5 34. Rxf3 Bxc1 35. Ne4 Nxe4 36. Bxe4+ Rxe4 37. Rf8 R8xe7 38. dxe7 Rxe7 0-1

[Event "Early-Titled-Tuesday-Blitz-March-05-2024"]
[Site "Chess.com"]
[Date "2024.03.05"]
[Round "6"]
[White "Zhigalko_Sergei"]
[Black "Mikhail_Golubev"]
[Result "1-0"]
[WhiteElo "2900"]
[BlackElo "2665"]
[TimeControl "180+1"]
[EndTime "9:08:44 PST"]
[Termination "Zhigalko_Sergei won by resignation"]

1. e4 c5 2. Nf3 g6 3. c3 d5 4. exd5 Qxd5 5. d4 Bg7 6. Na3 cxd4 7. Bc4 Qe4+ 8. Be3 Nh6 9. Nb5 O-O 10. cxd4 Ng4 11. Qe2 Nxe3 12. fxe3 Nc6 13. O-O Bg4 14. Nc3 Qf5 15. h3 Bxf3 16. Rxf3 Qd7 17. Raf1 e6 18.
Ne4 Rac8 19. Nc5 Qe7 20. Rxf7 Rxf7 21. Rxf7 Nxd4 22. exd4 Bxd4+ 23. Kh1 Qxc5 24. Bxe6 Kh8 25. Bxc8 Qxc8 26. Qf1 Qe6 27. Rxb7 1-0

[Event "Early-Titled-Tuesday-Blitz-March-05-2024"]
[Site "Chess.com"]
[Date "2024.03.05"]
[Round "6"]
[White "NewYearGirl"]
[Black "viktorskliarov"]
[Result "1-0"]
[WhiteElo "2396"]
[BlackElo "2591"]
[TimeControl "180+1"]
[EndTime "9:08:44 PST"]
[Termination "NewYearGirl won by resignation"]

1. e4 c5 2. Nf3 Nc6 3. d4 cxd4 4. Nxd4 Nf6 5. Nc3 e5 6. Ndb5 d6 7. Nd5 Nxd5 8. exd5 Nb8 9. a4 a6 10. Na3 Be7 11. Be2 O-O 12. O-O f5 13. f4 exf4 14.
Bxf4 Bg5 15. Nc4 Bxf4 16. Rxf4 Nd7 17. Qf1 Nf6 18. Bf3 Bd7 19. g3 g6 20. Qf2 Qc7 21. Qb6 Qc5+ 22. Qxc5 dxc5 23. Nb6 Rad8 24. Rc4 Ne4 25. Bxe4 fxe4 26. Rxc5 Bh3 27. Nc4 Rf6 28. Ne3 Rdf8 29. Re1 Rf3 30. Rc3 h5 31. Ng2 Rf2 32. Nf4 R2xf4 33. gxf4 Bf5 34. d6 Rd8 35. Rd1 Kf7 36.
Rc7+ Ke6 37. Re7+ Kf6 38. Rxb7 a5 39. c4 1-0

[Event "Early-Titled-Tuesday-Blitz-March-05-2024"]
[Site "Chess.com"]
[Date "2024.03.05"]
[Round "6"]
[White "Sjakkerntobi"]
[Black "mary-sanna"]
[Result "1-0"]
[WhiteElo "2469"]
[BlackElo "2224"]
[TimeControl "180+1"]
[EndTime "9:08:44 PST"]
[Termination "Sjakkerntobi won on time"]

1. e4 c5 2. Nf3 Nc6 3. d4 cxd4 4.
Nxd4 g6 5. Nc3 Bg7 6. Be3 Nf6 7.
Bc4 O-O 8. Bb3 Re8 9. h4 h5 10.
f3 e6 11. Qd2 d5 12. Nxc6 bxc6 13. O-O-O Bb7 14. g4 hxg4 15. e5 Nd7 16. h5 Nxe5 17. hxg6 fxg6 18. fxg4 Nxg4 19. Bg5 Qb6 20. Qg2 Ne3 21.
Qh3 Nxd1 22. Qh7+ Kf7 23. Rxd1 Rf8 24. Rf1+ Ke8 25. Qxg6+ Kd7 26. Qxg7+ Kd6 27. Be7+ Kd7 28. Bc5+ 1-0

[Event "Early-Titled-Tuesday-Blitz-March-05-2024"]
[Site "Chess.com"]
[Date "2024.03.05"]
[Round "6"]
[White "Alenzer"]
[Black "goodnigth"]
[Result "1-0"]
[WhiteElo "2176"]
[BlackElo "1903"]
[TimeControl "180+1"]
[EndTime "9:08:45 PST"]
[Termination "Alenzer won on time"]

1. e4 c5 2. Nf3 d6 3. c3 Nf6 4. h3 Nc6 5. Bd3 e5 6. Bc2 g6 7. O-O Bg7 8. d4 exd4 9. cxd4 cxd4 10. Nxd4 O-O 11. Nc3 d5 12. Nxc6 bxc6 13. e5 Nd7 14. f4 f6 15. exf6 Nxf6 16. f5 gxf5 17. Bxf5 Ne4 18.
Bxe4 Rxf1+ 19. Kxf1 Ba6+ 20. Bd3 Qf6+ 21. Ke1 Re8+ 22.
Ne2 Qh4+ 23. Kd2 Qb4+ 24. Kc2 Qa4+ 25. b3 Qa5 26. Bb2 1-0

[Event "Early-Titled-Tuesday-Blitz-March-05-2024"]
[Site "Chess.com"]
[Date "2024.03.05"]
[Round "6"]
[White "ActorXu"]
[Black "Harry_Rakkel"]
[Result "1/2-1/2"]
[WhiteElo "2850"]
[BlackElo "2693"]
[TimeControl "180+1"]
[EndTime "9:08:46 PST"]
[Termination "Game drawn by repetition"]

1. e4 c5 2. Nf3 d6 3. Bb5+ Bd7 4. c4 Nc6 5. O-O Nf6 6. Nc3 e6 7. d4 cxd4 8. Nxd4 Be7 9. Be3 O-O 10. f3 Qc7 11. Rc1 Rfc8 12. Bxc6 bxc6 13. c5 d5 14. b4 e5 15. Nxc6 Qxc6 16. exd5 Qa6 17. a4 Bf5 18. d6 Bf8 19. b5 Qa5 20. c6 Rd8 21. Bc5 Rac8 22. Nd5 Nxd5 23. Qxd5 Qxa4 24. d7 Bxd7 25. cxd7 Rxc5 26. Rxc5 Bxc5+ 27. Qxc5 Qd4+ 28. Qxd4 exd4 29. Ra1 d3 30. Kf2 d2 31. Ke2 Rxd7 32. Rd1 Kf8 33. Rxd2 Rb7 34. Rd8+ Ke7 35. Ra8 h5 36. Kd3 Rxb5 37. Rxa7+ Kf6 38. Ra2 Rb3+ 39. Ke2 Kg6 40. Kf2 f6 41. h4 Rc3 42. Kg3 Rb3 43.
Kf2 Rc3 44. Kg3 Rb3 45. Kf2 1/2-1/2

[Event "Early-Titled-Tuesday-Blitz-March-05-2024"]
[Site "Chess.com"]
[Date "2024.03.05"]
[Round "6"]
[White "LuisFSiles"]
[Black "tolimachess"]
[Result "0-1"]
[WhiteElo "2246"]
[BlackElo "2421"]
[TimeControl "180+1"]
[EndTime "9:08:46 PST"]
[Termination "tolimachess won by resignation"]

1. e4 c5 2. Nf3 Nc6 3. d4 cxd4 4. Nxd4 Qb6 5. Nb3 e6 6. Nc3 a6 7. Be3 Qc7 8. Bd3 Nf6 9. O-O b5 10. a3 d6 11. f4 Bb7 12. Qf3 Be7 13. Kh1 O-O 14.
Rae1 Rac8 15. Qh3 b4 16. axb4 Nxb4 17. e5 Nxd3 18. cxd3 Nd5 19. Bd4 dxe5 20. Bxe5 Bd6 21. Nd4 Nxc3 22. bxc3 Bxe5 23. fxe5 Qxc3 24. Nf3 Bxf3 25.
gxf3 Qxd3 26. Rg1 g6 27. Re4 Rc3 28. Rf4 Qe3 29. Qg4 Rc1 30. Rxc1 Qxc1+ 31. Kg2 Rd8 32. Rd4 Qb2+ 33. Kg3 0-1

[Event "Early-Titled-Tuesday-Blitz-March-05-2024"]
[Site "Chess.com"]
[Date "2024.03.05"]
[Round "6"]
[White "wadsy27"]
[Black "amylazy"]
[Result "1-0"]
[WhiteElo "2618"]
[BlackElo "2410"]
[TimeControl "180+1"]
[EndTime "9:08:48 PST"]
[Termination "wadsy27 won on time"]

1. Nf3 Nf6 2. g3 g6 3. Bg2 Bg7 4. c4 O-O 5. O-O c6 6. b3 Ne4 7. d4 d5 8. Bb2 Nd7 9. Nc3 Ndf6 10. Ne5 Bf5 11. Rc1 Rc8 12. e3 Nxc3 13. Bxc3 Ne4 14. Ba1 Qa5 15. Qe2 h5 16. Rfd1 Nd6 17. h3 Rfd8 18.
g4 hxg4 19. hxg4 Be6 20. c5 Ne4 21. f3 Nf6 22. Bc3 Qc7 23. Kf2 Nd7 24. Nxd7 Qxd7 25.
Rh1 Bf6 26. Rh2 Kg7 27. Rch1 Rh8 28. Bh3 Bh4+ 29. Kg2 Qc7 30. f4 b6 31. g5 Bxg5 32.
fxg5 Bxh3+ 33. Rxh3 Rxh3 34. Rxh3 b5 35. Qg4 Rg8 36. Be1 e5 37. Bg3 1-0

[Event "Early-Titled-Tuesday-Blitz-March-05-2024"]
[Site "Chess.com"]
[Date "2024.03.05"]
[Round "6"]
[White "Chesstiger64"]
[Black "tusplingher"]
[Result "1-0"]
[WhiteElo "2364"]
[BlackElo "2435"]
[TimeControl "180+1"]
[EndTime "9:08:48 PST"]
[Termination "Chesstiger64 won on time"]

1. d4 Nf6 2. Nf3 c5 3. e3 cxd4 4. exd4 g6 5. Bd3 Bg7 6. O-O O-O 7. Re1 d5 8. c3 Nc6 9. Nbd2 Rb8 10. Ne5 Nxe5 11.
dxe5 Nd7 12. Nf3 Nc5 13. Nd4 Ne6 14. Be3 Nxd4 15. Bxd4 b6 16. b4 Be6 17. a4 Qc7 18. a5 Rfc8 19. axb6 axb6 20. Ra6 Bf5 21. Bxf5 gxf5 22.
Qf3 e6 23. Qe3 Bf8 24. Rea1 Qc4 25. h4 Be7 26. g3 Rb7 27. Ra8 Rc7 28. R8a7 Qc6 29.
Bxb6 Rxa7 30. Rxa7 Bf8 31. Qg5+ Bg7 32. Bd4 Qc4 33. Qh5 Rf8 34. Qg5 Qe2 35. Qe3 Qd1+ 36. Kg2 h6 37. b5 Rb8 38. b6 Qb1 39. Qf3 Qb2 40. Qh5 Rf8 41. b7 Qb6 42. Bxb6 1-0

[Event "Early-Titled-Tuesday-Blitz-March-05-2024"]
[Site "Chess.com"]
[Date "2024.03.05"]
[Round "6"]
[White "EvgenyBurmakin"]
[Black "Boorchess"]
[Result "0-1"]
[WhiteElo "2345"]
[BlackElo "2518"]
[TimeControl "180+1"]
[EndTime "9:08:49 PST"]
[Termination "Boorchess won on time"]

1. e4 e5 2. Nf3 Nf6 3. d4 Nxe4 4. dxe5 d5 5. Bd3 Nc6 6. h3 Bf5 7. O-O Be7 8. Re1 Bg6 9. Nbd2 O-O 10. Nb3 a5 11. c3 a4 12. Nbd4 Nxd4 13. cxd4 c5 14. dxc5 Bxc5 15. Be3 Bxe3 16. Rxe3 Qb6 17. Qe2 Rac8 18.
Re1 Rc7 19. Nh4 Nc5 20. Nxg6 hxg6 21. Bb1 Ne6 22. Rd1 d4 23. Re4 Rfc8 24. Kh2 Rc1 25. Bd3 Rxd1 26. Qxd1 Qxb2 27. Re2 Qb4 28. Rc2 Rc3 29. Qd2 Qc5 30. Rb2 Qxe5+ 31. g3 Qc7 32. Be4 b6 33. Bd5 a3 34. Rb3 Rc2 35. Qe1 Qd6 0-1